 Dungeon Crawl Stone Soup version 0.27-a0-1299-g1ab19c6527 (webtiles) character file.

Game seed: 6483874354809653986

6721 pokeman the Thaumaturge (level 10, -15/56 HPs)
             Began as a Deep Elf Hedge Wizard on June 16, 2021.
             Shot with an arrow by a centaur warrior (17 damage)
             ... on level 9 of the Dungeon on June 17, 2021.
             The game lasted 00:28:49 (13386 turns).

pokeman the Thaumaturge (Deep Elf Hedge Wizard)    Turns: 13386, Time: 00:28:50

Health: -15/56     AC: 12    Str:  7    XL:     10   Next: 74%
Magic:  10/29      EV: 13    Int: 23    God:
Gold:   473        SH:  0    Dex: 14    Spells: 20/36 levels left

rFire    . . .     SeeInvis .   D - +0 flail (drain)
rCold    . . .     Faith    .   (no shield)
rNeg     . . .     Spirit   .   M - +0 steam dragon scales
rPois    +         Reflect  .   c - +0 hat
rElec    .         Harm     .   I - +0 cloak
rCorr    .         Rampage  .   G - +1 pair of gloves
Will     +....                  (no boots)
Stlth    ++........             (no amulet)
HPRegen  0.18/turn              m - ring of poison resistance
MPRegen  0.21/turn              x - +4 ring of protection

@: no status effects
A: no striking features
a: no special abilities


You were on level 9 of the Dungeon.
You visited 2 branches of the dungeon, and saw 10 of its levels.

You collected 473 gold pieces.

Inventory:

Hand Weapons
 C - a +0 shortbow
 D - a +0 flail of draining (weapon)
 E - a +0 arbalest
Missiles
 n - 150 arrows
 B - 40 bolts
Armour
 a - a +0 tower shield
 c - a +0 hat (worn)
 G - a +1 pair of gloves (worn)
 I - a +0 cloak (worn)
 M - +0 steam dragon scales (worn)
Jewellery
 f - an amulet of guardian spirit
 m - a ring of poison resistance (left hand)
 s - a ring of protection from cold
 x - a +4 ring of protection (right hand)
 F - an amulet of faith
 N - a ring of fire
Wands
 o - a wand of flame (17)
 w - a wand of iceblast (24)
 O - a wand of charming (11)
Scrolls
 d - 2 scrolls of immolation {unknown}
 e - 4 scrolls of magic mapping {unknown}
 h - 8 scrolls of identify {unknown}
 i - 2 scrolls of teleportation {unknown}
 j - a scroll of enchant armour {unknown}
 k - 2 scrolls of holy word {unknown}
 r - a scroll of summoning {unknown}
 t - a scroll of noise {unknown}
 v - 2 scrolls of amnesia {unknown}
 y - a scroll of fog {unknown}
 L - a scroll of brand weapon {unknown}
Potions
 b - a potion of heal wounds {unknown}
 g - 2 potions of magic {unknown}
 l - a potion of haste {unknown}
 p - 2 potions of lignification {unknown}
 q - 4 potions of curing {unknown}
 u - 2 potions of might {unknown}
 z - 2 potions of berserk rage {unknown}
 A - a potion of attraction {unknown}
 H - a potion of degeneration {unknown}
 J - a potion of brilliance {unknown}
 K - a potion of mutation {unknown}


   Skills:
 + Level 3.3 Fighting
 - Level 3.0 Armour
 - Level 3.3 Dodging
 - Level 3.0 Stealth
 - Level 3.0 Shields
 * Level 13.7 Spellcasting
 + Level 8.1 Conjurations
 - Level 1.1 Summonings
 - Level 1.1 Translocations
 + Level 7.4 Fire Magic
 - Level 1.0 Ice Magic
 - Level 1.0 Air Magic
 - Level 1.0 Poison Magic
 - Level 1.0 Evocations


You had 20 spell levels left.
You knew the following spells:

 Your Spells              Type           Power      Damage    Failure   Level
a - Magic Dart            Conj           100%       1d8       1%          1
b - Mephitic Cloud        Conj/Pois/Air  31%        N/A       2%          3
c - Call Imp              Summ           20%        N/A       3%          2
d - Blink                 Tloc           N/A        N/A       3%          2
e - Conjure Flame         Conj/Fire      51%        6-21      1%          3
f - Freezing Cloud        Conj/Ice/Air   15%        6-21      26%         5

Your spell library contained the following spells:

 Spells                   Type           Power      Damage    Failure   Level
 Summon Small Mammal      Summ           80%        N/A       2%          1
 Poisonous Vapours        Pois/Air       40%        N/A       3%          2
 Slow                     Hex            15%        N/A       6%          2
 Call Canine Familiar     Summ           20%        N/A       8%          3
 Summon Guardian Golem    Hex/Summ       18%        N/A       10%         3
 Summon Ice Beast         Ice/Summ       20%        N/A       26%         4
 Summon Lightning Spire   Summ/Air       20%        N/A       26%         4


Dungeon Overview and Level Annotations

Branches:
Dungeon (9/15)             Temple (1/1) D:6            Lair (0/6) D:8
    Orc: D:9-12

Altars:
Ashenzari
Cheibriados
Dithmenos
Elyvilon
Fedhas
Gozag
Hepliaklqana
Makhleb
Nemelex Xobeh
Okawaru
Qazlal
Ru
Sif Muna
Trog
Uskayaw
Wu Jian
Xom
Yredelemnul
Zin
The Shining One

Shops:
D:3 [   D:6 *   D:7 *


Message History

Confirm with . or Enter, or press ? or * to list all spells.
The fire begins to smoulder!
Unknown command.
The fire ignites!
Casting: Conjure Flame (safe; 1% risk of failure)
Confirm with . or Enter, or press ? or * to list all spells.
Aiming: Mephitic Cloud (dangerous; 2% risk of failure)
Press: ? - help, Shift-Dir - straight line The ball explodes into a vile cloud!
The stinking cloud engulfs you but does no damage.
The stinking cloud engulfs the centaur warrior but does no damage.
The centaur warrior is moderately wounded.
The centaur warrior seems less confused.
The centaur warrior is engulfed in noxious fumes.
The centaur warrior wields a +0 longbow.
The centaur warrior shoots an arrow.
The arrow hits you!!
* * * LOW HITPOINT WARNING * * *
Unknown command.
Unknown command.
The centaur warrior is engulfed in noxious fumes.
The centaur warrior shoots an arrow.
The arrow hits you!
* * * LOW HITPOINT WARNING * * *
The centaur warrior is engulfed in noxious fumes.
The centaur warrior appears confused.
Unknown command.
The centaur warrior is engulfed in blazing flames.
Casting: Mephitic Cloud (dangerous; 2% risk of failure)
Confirm with . or Enter, or press ? or * to list all spells.
Aiming: Mephitic Cloud (dangerous; 2% risk of failure)
Press: ? - help, Shift-Dir - straight line, f - centaur warrior
Aim: a centaur warrior, wielding a +0 longbow and quivering arrows (heavily wounded, confused, chance to affect: 53%)
The ball explodes into a vile cloud!
The stinking cloud engulfs the centaur warrior but does no damage.
The centaur warrior is heavily wounded.
The centaur warrior is engulfed in noxious fumes. x2
Unknown command.
The centaur warrior seems less confused.
The centaur warrior is engulfed in noxious fumes.
The centaur warrior shoots an arrow.
The arrow hits you!
You die...

###### #########
.....# #.......#
.....# #.......+
.....# #####.......#
.....# #...+.......#
.....####.###.......#
.....+....# #...@...#
.....###### #.......#
.....# #......c##
###### #####+#.°#
##.##§## ###..##†§##
##...###...## #####
##..#..#..#..## .
....#
##...##...##...#....


You could see a centaur warrior.

Vanquished Creatures
  A hydra (D:9)
  A cyclops (D:9)
  Maggie (D:8)
  A hornet (D:8)
  Sigmund (D:2)
  5 wyverns
  A basilisk (D:9)
  A steam dragon (D:8)
  3 water moccasins
  A hornet zombie (D:8)
  3 orc warriors
  A sky beast (D:5)
  2 black bears (D:5)
  An ogre (D:5)
  2 necrophages
  4 centaurs
  2 phantoms (D:6)
  3 bullfrogs
  A gnoll sergeant (D:9)
  6 scorpions
  A wyvern zombie (D:7)
  A wyvern skeleton (D:7)
  5 killer bees (D:7)
  11 wights
  2 howler monkeys (D:9)
  A bullfrog zombie (D:6)
  3 crimson imps (D:9)
  5 orc priests
  2 hounds (D:4)
  A jelly (D:7)
  2 centaur zombies
  2 gnoll shamans
  3 orc wizards (D:6)
  2 iguanas
  2 howler monkey zombies
  23 gnolls
  3 adders
  3 adder skeletons (D:4)
  A worm (D:2)
  A dart slug (D:3)
  18 orcs
  2 bats
  8 endoplasms
  2 giant cockroaches
  4 goblins
  4 hobgoblins
  3 kobolds
  4 quokkas
  5 ball pythons
  4 frilled lizards
  3 rats
172 creatures vanquished.

Vanquished Creatures (collateral kills)
  A howler monkey (D:9)
  A gnoll (D:2)
2 creatures vanquished.

Grand Total: 174 creatures vanquished

Notes
Turn   | Place    | Note
-------+----------+-------------------------------------------
     0 | D:1      | pokeman the Deep Elf Hedge Wizard began the quest for the
                  | Orb.
     0 | D:1      | Reached XP level 1. HP: 10/10 MP: 7/7
   903 | D:1      | Reached XP level 2. HP: 15/15 MP: 6/9
  1585 | D:2      | Found a faded altar of an unknown god.
  1604 | D:2      | Noticed Sigmund
  1764 | D:2      | Reached skill level 5 in Spellcasting
  2088 | D:2      | Reached XP level 3. HP: 11/20 MP: 4/11
  2094 | D:2      | Learned a level 3 spell: Mephitic Cloud
  2097 | D:2      | Learned a level 2 spell: Call Imp
  2100 | D:2      | Learned a level 2 spell: Blink
  2104 | D:2      | Learned a level 3 spell: Conjure Flame
  2526 | D:2      | Reached skill level 1 in Fighting
  2526 | D:2      | Reached skill level 1 in Armour
  2781 | D:2      | Killed Sigmund
  2782 | D:2      | Reached skill level 6 in Spellcasting
  2782 | D:2      | Reached skill level 1 in Fire Magic
  2782 | D:2      | Reached XP level 4. HP: 16/25 MP: 4/14
  2782 | D:2      | Reached XP level 5. HP: 19/29 MP: 4/16
  3067 | D:3      | Found Toitot's Antique Armour Boutique.
  4078 | D:4      | Noticed a necrophage
  4092 | D:4      | Killed a necrophage
  4093 | D:4      | Reached skill level 7 in Spellcasting
  4093 | D:4      | Reached skill level 1 in Air Magic
  4093 | D:4      | Reached XP level 6. HP: 34/34 MP: 3/18
  4451 | D:4      | Reached skill level 1 in Poison Magic
  4537 | D:4      | Found a stormy altar of Qazlal.
  4811 | D:4      | Reached skill level 1 in Evocations
  5212 | D:5      | Entered Level 5 of the Dungeon
  5272 | D:5      | Reached XP level 7. HP: 38/38 MP: 13/20
  5449 | D:5      | Reached skill level 8 in Spellcasting
  5934 | D:5      | Reached skill level 9 in Spellcasting
  5934 | D:5      | Reached XP level 8. HP: 25/44 MP: 12/23
  6476 | D:6      | Reached skill level 5 in Conjurations
  6743 | D:6      | Found a staircase to the Ecumenical Temple.
  6749 | Temple   | Entered the Ecumenical Temple
  6942 | D:6      | Reached skill level 10 in Spellcasting
  7241 | D:6      | Found Dileavvi's Assorted Antiques.
  7256 | D:6      | Learned a level 5 spell: Freezing Cloud
  7320 | D:6      | Reached skill level 1 in Ice Magic
  7609 | D:6      | Reached XP level 9. HP: 48/48 MP: 19/25
  7909 | D:6      | Found a shadowy altar of Dithmenos.
  8409 | D:7      | Reached skill level 5 in Fire Magic
  8415 | D:7      | Reached skill level 1 in Shields
  8415 | D:7      | Reached skill level 11 in Spellcasting
  8883 | D:7      | Found Noutotzi's Assorted Antiques.
 10279 | D:8      | Reached skill level 12 in Spellcasting
 11211 | D:8      | Found a shimmering blue altar of Sif Muna.
 11222 | D:8      | Found a staircase to the Lair.
 11271 | D:8      | Reached XP level 10. HP: 44/53 MP: 19/28
 11361 | D:8      | Noticed Maggie
 11387 | D:8      | Killed Maggie
 12025 | D:8      | Found an iron altar of Okawaru.
 12324 | D:9      | Found a shimmering altar of Xom.
 12524 | D:9      | Noticed a seven-headed hydra
 12662 | D:9      | Reached skill level 13 in Spellcasting
 12898 | D:9      | Killed a seven-headed hydra
 13036 | D:9      | Noticed a cyclops
 13045 | D:9      | Killed a cyclops
 13105 | D:9      | Noticed a centaur warrior
 13381 | D:9      | HP: 1/56 [centaur warrior/arrow (13)]
 13386 | D:9      | Shot with an arrow by a centaur warrior

Illustrated notes

Levels and vault maps discovered:
D:1:      mrwooster_arrival_statue_2, layout_loops_corners
D:2:      layout_rooms, ebering_ecumenical_altar_box, uniq_sigmund
D:3:      layout_loops_ring, serial_shops, shop
D:4:      layout_basic, grunt_qazlal_clouds
D:5:      layout_basic, kennysheep_pointless_box
D:6:      layout_loops_cross, grunt_dithmenos_shadows,
          minmay_temple_entry_enclosed_plants, serial_shops, shop_fountains
D:7:      layout_basic, serial_shops, shop
D:8:      layout_layer_cave, lemuel_round_altar, lemuel_coloured_pillars_altar,
          minmay_misc_feat_more_columns, chequers_serial_rivers_marsh,
          uniq_maggie
D:9:      layout_roguey, jmf_multi_god_temple, led_xom_imps, kb_rosetta
Temple:   regret_index_temple_waves

Skill      XL: |  1  2  3  4  5  6  7  8  9 10 |
---------------+-------------------------------+-----
Spellcasting   | 5 6 7 9 10 12 13 | 13.7
Fighting       | 1 2 3 |  3.3
Armour         | 1 2 3 |  3.0
Conjurations   | 2 3 4 5 7 8 |  8.1
Dodging        | 3 |  3.3
Fire Magic     | 1 2 3 4 6 7 |  7.4
Air Magic      | 1 |  1.0
Stealth        | 3 |  3.0
Poison Magic   | 1 |  1.0
Evocations     | 1 |  1.0
Ice Magic      | 1 |  1.0
Shields        | 2 3 |  3.0
Summonings     | |  1.1
Translocations | |  1.1

Action                   |  1- 3 |  4- 6 |  7- 9 | 10-12 || total
-------------------------+-------+-------+-------+-------++-------
Melee: Dagger            |    12 |     6 |    76 |       ||    94
       Flail             |       |       |     5 |    38 ||    43
 Fire: Arbalest          |       |       |    25 |    15 ||    40
 Cast: Magic Dart        |    87 |   108 |   324 |    63 ||   582
       Call Imp          |     3 |       |    10 |     2 ||    15
       Mephitic Cloud    |     2 |     3 |    23 |    18 ||    46
       Conjure Flame     |     1 |     2 |    26 |    24 ||    53
       Blink             |       |       |     2 |     1 ||     3
 Stab: Confused          |       |       |    10 |     1 ||    11
Armor: Robe              |     3 |       |       |       ||     3
       Leather armour    |       |     6 |    39 |       ||    45
       Steam dragon scal |       |       |     6 |    30 ||    36
Dodge: Dodged            |    30 |    18 |    81 |    60 ||   189

Table legend: (Time is in decaauts)
 A = Elapsed time spent in this place.
 B = Non-inter-level travel time spent in this place.
 C = Inter-level travel time spent in this place.
 D = Time resting spent in this place.
 E = Time spent auto-exploring this place.
 F = Levels seen in this place.
 G = Mean time per level.
                   A        B        C        D        E       F      G
               +--------+--------+--------+--------+--------+-----+--------+
         Total |  13438 |  13137 |    301 |    958 |  10351 |  10 | 1343.8 |
       Dungeon |  13295 |  12999 |    296 |    958 |  10215 |   9 | 1477.2 |
        Temple |    142 |    137 |      5 |      0 |    136 |   1 |  142.0 |
               +--------+--------+--------+--------+--------+-----+--------+

Top non-repeatable levels by time:
     D:8: 2292 daAuts
     D:7: 1849 daAuts
     D:6: 1674 daAuts
     D:1: 1626 daAuts
     D:2: 1390 daAuts
     D:4: 1352 daAuts
     D:5: 1110 daAuts
     D:9: 1022 daAuts
     D:3: 976 daAuts
  Temple: 142 daAuts
